Devils vs Panthers

Created - April 26, 2018 at 19:25

Goals
1 2 3 T
Devils 1 0 2 3
Panthers 0 1 0 1
Shots
1 2 3 T
Devils 13 8 8 29
Panthers 3 9 9 21

1st period

1. Devils , Patrick Kane 44 (Chris Kreider 48, Jonathan Toews 42) at 12:04

Penalties :
Alexander Perezhogin (Flo) for Hooking (Minor) at 12:26

2nd period

2. Panthers , Drew Stafford 18 (Daniel Sedin 19, Ian White 33) at 2:04 (PP)

Penalties :
Taylor Hall (NJD) for Tripping (Minor) at 1:51, Erik Christensen (NJD) for Holding (Minor) at 3:49, Daniel Paille (Flo) for Hooking (Minor) at 8:36, Matthew Spiller (Flo) for Hooking (Minor) at 12:08

3rd period

3. Devils , Jordan Eberle 32 (Matt Duchene 61) at 14:31 (PP)
4. Devils , Patrick Kane 45 (Jonathan Toews 43) at 14:49 (PP)

Penalties :
Tomas Kopecky (Flo) for Interference (Minor) at 0:44, Matthew Spiller (Flo) for Goalie Interference (Minor) at 3:36, Brayden Schenn (Flo) for Hooking (Minor) at 13:41, Jeff Tambellini (Flo) for Interference (Minor) at 14:42, Alexander Perezhogin (Flo) for Goalie Interference (Minor) at 16:52

Goalie Stats

James Reimer (NJD), 20 saves from 21 shots - (0.952), W, 27-15-3, 60:00 minutes
Antti Niemi (Flo), 26 saves from 29 shots - (0.897), L, 20-25-5, 60:00 minutes

Players Stats for Devils

Player Name              G  A  P  +/- PIM S  H  SB GA TA FO     MP     PP MP  PK MP  
------------------------------------------------------------------------------------
Anthony Stewart          0  0  0   0  0   3  0  3  0  0  0/0    11:24   0:54   0:00 
Brandon Bollig           0  0  0   0  0   0  1  0  0  0  2/2     8:43   0:17   0:00 
Chris Kreider            0  1  1   1  0   1  1  0  0  0  0/1    16:35   4:54   0:00 
Dmitry Kulikov           0  0  0   1  0   0  2  2  0  0  0/0    26:47   7:22   1:12 
Erik Christensen         0  0  0   0  2   1  0  0  0  0  0/2     9:32   0:43   0:00 
Jonathan Toews           0  2  2   1  0   1  2  1  0  0  10/20  20:02   6:56   0:26 
Jordan Eberle            1  0  1   0  0   3  1  0  0  1  1/1    20:22   5:05   0:26 
Kellan Lain              0  0  0   0  0   1  2  0  0  1  0/1    17:52   6:56   0:15 
Kurt Sauer               0  0  0   0  0   0  0  0  0  0  0/0     3:33   0:00   0:00 
Martin St. Louis         0  0  0   0  0   2  0  0  0  0  0/0    10:08   0:31   0:00 
Matt Duchene             0  1  1   0  0   4  1  0  0  1  9/15   20:26   5:05   0:15 
Mike Komisarek           0  0  0   0  0   0  2  3  0  1  0/0    23:06   4:37   1:12 
Mikko Koivu              0  0  0   0  0   1  0  0  0  0  7/11   12:04   0:24   1:31 
Patrick Kane             2  0  2   1  0   8  3  1  1  0  0/0    21:00   6:56   1:31 
Ryan Whitney             0  0  0   0  0   0  1  0  0  0  0/0    23:22   6:11   1:00 
Taylor Hall              0  0  0   0  2   4  0  0  0  0  1/1    15:53   0:44   0:00 
Travis Hamonic           0  0  0   0  0   0  1  0  1  0  0/0    16:32   0:52   1:00 
Tyler Cuma               0  0  0   1  0   0  2  0  1  1  0/0    20:25   5:48   0:00 

Players Stats for Panthers

Player Name              G  A  P  +/- PIM S  H  SB GA TA FO     MP     PP MP  PK MP  
------------------------------------------------------------------------------------
Alexander Perezhogin     0  0  0   0  4   2  1  0  0  0  0/0    10:01   0:00   0:00 
Brayden Schenn           0  0  0   0  2   0  1  0  0  0  9/18   19:10   1:01   6:05 
Brendan Smith            0  0  0  -1  0   0  1  1  0  0  0/0    23:43   0:37   7:44 
Cory Emmerton            0  0  0  -1  0   0  0  1  1  0  8/17   16:35   1:11   0:48 
Daniel Paille            0  0  0   0  2   2  1  0  0  0  0/0    11:45   0:00   2:01 
Daniel Sedin             0  1  1  -1  0   3  2  0  0  0  1/1    15:51   1:11   0:23 
Drew Stafford            1  0  1  -1  0   1  2  0  0  0  1/1    23:00   1:11   7:01 
Erik Gudbranson          0  0  0  -1  0   0  1  0  0  0  0/0    16:39   0:37   1:47 
George Parros            0  0  0   0  0   1  2  0  0  1  0/1     8:57   0:00   0:00 
Ian White                0  1  1   0  0   0  3  0  1  0  0/0    19:48   1:35   0:12 
Jeff Tambellini          0  0  0   0  2   2  1  0  0  0  0/1    11:49   1:01   0:00 
Jonathan Matsumoto       0  0  0   0  0   2  2  0  0  0  2/4     8:57   0:00   0:00 
Jonathan Sigalet         0  0  0   0  0   0  0  0  1  0  0/0    17:10   0:00   5:36 
Matthew Spiller          0  0  0   0  4   0  4  2  0  0  0/0    15:04   0:00   3:17 
Michal Rozsival          0  0  0   0  0   4  4  2  1  2  0/0    27:49   1:35   7:06 
Patrick Marleau          0  0  0   0  0   3  6  1  0  0  0/1    13:13   0:00   3:26 
Shawn Horcoff            0  0  0   0  0   0  1  0  1  0  3/10   15:29   0:00   5:58 
Tomas Kopecky            0  0  0   0  2   1  1  0  0  0  0/0    12:01   1:01   0:00 

3 Stars

1 - Patrick Kane (NJD)
2 - Jonathan Toews (NJD)
3 - Jordan Eberle (NJD)

Power Play

Devils - 2 on 8 Attempt(s) - 25.00%
Panthers - 1 on 2 Attempt(s) - 50.00%

Penalty Kill

Devils - 1 on 2 Attempt(s) - 50.00% - Score 0 goal in Penalty Kill
Panthers - 6 on 8 Attempt(s) - 75.00% - Score 0 goal in Penalty Kill

Team Stat

Devils - Hits : 19 - Faceoff Wins : 30 - Blocked Shots : 10 - Penalty Minutes : 4
Panthers - Hits : 33 - Faceoff Wins : 24 - Blocked Shots : 7 - Penalty Minutes : 16

Official

Referees : Rooney Chris and Joannette Marc
Linesman : Mark Pare and Mark Shewchyk

Game Notes

Kurt Sauer is injured at 9:31 of 1st period (Bruised Left Leg)

Finance

Level 1 -- Attendance: 5439 (90.65%) -- Ticket Income $478,632
Level 2 -- Attendance: 4154 (83.08%) -- Ticket Income $228,470
Level 3 -- Attendance: 1207 (60.35%) -- Ticket Income $60,350
Level 4 -- Attendance: 2818 (70.45%) -- Ticket Income $90,176
Luxury Box -- Attendance: 905 (90.50%) -- Ticket Income $131,225
Game was played at the Bank Atlantic Cente.
Total Attendance: 14523 (80.68%)
Total Ticket Income: $988,853
Other Income: $148,328
Total Income: $1,137,181

Devils

5 vs 5 Forward 
   Center                   Left Wing                Right Wing               Time % Phy DF OF 
 1 Matt Duchene             Taylor Hall              Jordan Eberle            40     0   2  3  
 2 Jonathan Toews           Chris Kreider            Patrick Kane             30     0   2  3  
 3 Mikko Koivu              Kellan Lain              Martin St. Louis         20     0   2  3  
 4 Erik Christensen         Brandon Bollig           Anthony Stewart          10     0   2  3  

5 vs 5 Defense 
   Defense                  Defense                                           Time % Phy DF OF 
 1 Kurt Sauer               Tyler Cuma                                        40     1   2  2  
 2 Travis Hamonic           Dmitry Kulikov                                    30     1   2  2  
 3 Ryan Whitney             Mike Komisarek                                    20     1   2  2  
 4 Mike Komisarek           Ryan Whitney                                      10     1   2  2  

PowerPlay Forward 
   Center                   Left Wing                Right Wing               Time % Phy DF OF 
 1 Jonathan Toews           Kellan Lain              Patrick Kane             60     0   2  3  
 2 Matt Duchene             Chris Kreider            Jordan Eberle            40     0   2  3  

PowerPlay Defense
   Defense                  Defense                                           Time % Phy DF OF 
 1 Dmitry Kulikov           Ryan Whitney                                      60     0   2  3  
 2 Tyler Cuma               Kurt Sauer                                        40     0   2  3  

Penalty Kill 4 Players Forward 
   Center                   Wing                     Time % Phy DF OF 
 1 Mikko Koivu              Patrick Kane             60     1   2  2  
 2 Jonathan Toews           Jordan Eberle            40     1   2  2  

Penalty Kill 4 Players Defense
   Defense                  Defense                  Time % Phy DF OF 
 1 Mike Komisarek           Kurt Sauer               60     1   2  2  
 2 Travis Hamonic           Ryan Whitney             40     1   2  2  

Penalty Kill - 3 Players Forward 
   Forward                                           Time % Phy DF OF 
 1 Jordan Eberle                                     60     1   2  2  
 2 Patrick Kane                                      40     1   2  2  

Penalty Kill - 3 Players Defense
   Defense                  Defense                  Time % Phy DF OF 
 1 Mike Komisarek           Kurt Sauer               60     1   2  2  
 2 Dmitry Kulikov           Ryan Whitney             40     1   2  2  

4 vs 4 Forward 
   Center                   Wing                     Time % Phy DF OF 
 1 Mikko Koivu              Jordan Eberle            60     1   2  2  
 2 Jonathan Toews           Chris Kreider            40     1   2  2  

4 vs 4 Defense
   Defense                  Defense                  Time % Phy DF OF 
 1 Mike Komisarek           Dmitry Kulikov           60     1   2  2  
 2 Tyler Cuma               Ryan Whitney             40     1   2  2  

Last Minutes Offensive
   Center                   Left Wing                Right Wing               Defense                  Defense                  
   Matt Duchene             Chris Kreider            Patrick Kane             Tyler Cuma               Kurt Sauer               

Last Minutes Defensive
   Center                   Left Wing                Right Wing               Defense                  Defense                  
   Matt Duchene             Chris Kreider            Jordan Eberle            Mike Komisarek           Kurt Sauer               

Goaltenders
Starting : James Reimer             
Backup : Ryan Miller              

Extra Forwards
Normal : Jordan Eberle, Jonathan Toews, Chris Kreider - PP : Jordan Eberle, Jonathan Toews - PK : Erik Christensen
Extra Defensemen
Normal : Tyler Cuma, Mike Komisarek, Dmitry Kulikov - PP : Tyler Cuma - PK : Mike Komisarek, Dmitry Kulikov
Penalty Shots
Patrick Kane, Jonathan Toews, Mikko Koivu, Jordan Eberle, Chris Kreider

Scratches
Kyle Cumiskey (Healthy)

Panthers

5 vs 5 Forward 
   Center                   Left Wing                Right Wing               Time % Phy DF OF 
 1 Cory Emmerton            Daniel Sedin             Drew Stafford            40     1   2  2  
 2 Brayden Schenn           Jeff Tambellini          Tomas Kopecky            30     1   2  2  
 3 Shawn Horcoff            Patrick Marleau          Alexander Perezhogin     20     1   2  2  
 4 Jonathan Matsumoto       Daniel Paille            George Parros            10     1   2  2  

5 vs 5 Defense 
   Defense                  Defense                                           Time % Phy DF OF 
 1 Ian White                Michal Rozsival                                   40     1   2  2  
 2 Brendan Smith            Erik Gudbranson                                   30     1   2  2  
 3 Jonathan Sigalet         Matthew Spiller                                   20     1   2  2  
 4 Ian White                Michal Rozsival                                   10     1   2  2  

PowerPlay Forward 
   Center                   Left Wing                Right Wing               Time % Phy DF OF 
 1 Cory Emmerton            Daniel Sedin             Drew Stafford            60     1   2  2  
 2 Brayden Schenn           Jeff Tambellini          Tomas Kopecky            40     1   2  2  

PowerPlay Defense
   Defense                  Defense                                           Time % Phy DF OF 
 1 Ian White                Michal Rozsival                                   60     1   2  2  
 2 Brendan Smith            Erik Gudbranson                                   40     1   2  2  

Penalty Kill 4 Players Forward 
   Center                   Wing                     Time % Phy DF OF 
 1 Brayden Schenn           Drew Stafford            60     1   2  2  
 2 Shawn Horcoff            Patrick Marleau          40     1   2  2  

Penalty Kill 4 Players Defense
   Defense                  Defense                  Time % Phy DF OF 
 1 Brendan Smith            Michal Rozsival          60     1   2  2  
 2 Matthew Spiller          Jonathan Sigalet         40     1   2  2  

Penalty Kill - 3 Players Forward 
   Forward                                           Time % Phy DF OF 
 1 Brayden Schenn                                    60     1   2  2  
 2 Drew Stafford                                     40     1   2  2  

Penalty Kill - 3 Players Defense
   Defense                  Defense                  Time % Phy DF OF 
 1 Brendan Smith            Michal Rozsival          60     1   2  2  
 2 Matthew Spiller          Jonathan Sigalet         40     1   2  2  

4 vs 4 Forward 
   Center                   Wing                     Time % Phy DF OF 
 1 Cory Emmerton            Daniel Sedin             60     1   2  2  
 2 Brayden Schenn           Tomas Kopecky            40     1   2  2  

4 vs 4 Defense
   Defense                  Defense                  Time % Phy DF OF 
 1 Ian White                Michal Rozsival          60     1   2  2  
 2 Brendan Smith            Erik Gudbranson          40     1   2  2  

Last Minutes Offensive
   Center                   Left Wing                Right Wing               Defense                  Defense                  
   Cory Emmerton            Daniel Sedin             Drew Stafford            Ian White                Brendan Smith            

Last Minutes Defensive
   Center                   Left Wing                Right Wing               Defense                  Defense                  
   Brayden Schenn           Patrick Marleau          Drew Stafford            Brendan Smith            Michal Rozsival          

Goaltenders
Starting : Antti Niemi              
Backup : Petr Mrazek              

Extra Forwards
Normal : Brayden Schenn, Patrick Marleau, Cory Emmerton - PP : Patrick Marleau, Daniel Sedin - PK : Shawn Horcoff
Extra Defensemen
Normal : Ian White, Brendan Smith, Michal Rozsival - PP : Jonathan Sigalet - PK : Matthew Spiller, Erik Gudbranson
Penalty Shots
Patrick Marleau, Jeff Tambellini, Daniel Sedin, Jonathan Matsumoto, Shawn Horcoff

Scratches
Guillaume Latendresse (Right Ankle Injury), Pavel Kubina (Healthy)

% Time on Ice - Devils

Lines # - Real PCT - Wanted PCT - Time Play
Normal Forward
1 - 38% - 40% - 16:54
2 - 23% - 30% - 10:26
3 - 21% - 20% - 9:29
4 - 18% - 10% - 8:08
Normal Defense
1 - 47% - 40% - 21:13
2 - 28% - 30% - 12:48
3 - 19% - 20% - 8:19
4 - 6% - 10% - 2:37
PP Forward
1 - 54% - 60% - 6:56
2 - 46% - 40% - 5:55
PP Defense
1 - 54% - 60% - 6:54
2 - 46% - 40% - 5:57
PK Forward
1 - 80% - 60% - 1:46
2 - 20% - 40% - 0:26
PK Defense
1 - 55% - 60% - 1:12
2 - 45% - 40% - 1:00
PK3 Forward
1 - 0% - 60%
2 - 0% - 40%
PK3 Defense
1 - 0% - 60%
2 - 0% - 40%
44 Forward
1 - 0% - 60%
2 - 0% - 40%
44 Defense
1 - 0% - 60%
2 - 0% - 40%
Last Minute Offensive  - 0:00
Last Minute Defensive  - 0:00
Total
Forward - 60:00
Defense - 60:00

% Time on Ice - Panthers

Lines # - Real PCT - Wanted PCT - Time Play
Normal Forward
1 - 35% - 40% - 15:46
2 - 24% - 30% - 10:49
3 - 21% - 20% - 9:25
4 - 20% - 10% - 8:57
Normal Defense
1 - 40% - 40% - 17:52
2 - 30% - 30% - 13:40
3 - 26% - 20% - 11:34
4 - 4% - 10% - 1:51
PP Forward
1 - 54% - 60% - 1:11
2 - 46% - 40% - 1:01
PP Defense
1 - 72% - 60% - 1:35
2 - 28% - 40% - 0:37
PK Forward
1 - 73% - 60% - 9:25
2 - 27% - 40% - 3:26
PK Defense
1 - 55% - 60% - 7:06
2 - 45% - 40% - 5:45
PK3 Forward
1 - 0% - 60%
2 - 0% - 40%
PK3 Defense
1 - 0% - 60%
2 - 0% - 40%
44 Forward
1 - 0% - 60%
2 - 0% - 40%
44 Defense
1 - 0% - 60%
2 - 0% - 40%
Last Minute Offensive  - 0:00
Last Minute Defensive  - 0:00
Total
Forward - 60:00
Defense - 60:00

Play by Play

1st period


0:01 of 1st period - Matt Duchene wins face-off versus Cory Emmerton in neutral zone.
0:12 of 1st period - Snap shot by Matt Duchene.
0:12 of 1st period - Stopped by Antti Niemi without a rebound.
0:13 of 1st period - Brayden Schenn wins face-off versus Jonathan Toews in Panthers zone.
0:40 of 1st period - Shawn Horcoff is hit by Kellan Lain and loses puck.
0:57 of 1st period - Wrist shot by Matt Duchene.
0:57 of 1st period - Shot Blocked by Matthew Spiller.
1:43 of 1st period - Slapshot by Matt Duchene.
1:43 of 1st period - Deflect By Jordan Eberle.
1:43 of 1st period - Stopped by Antti Niemi with a rebound.
1:45 of 1st period - Slapshot by Jordan Eberle.
1:45 of 1st period - Shot Misses the Net.
1:47 of 1st period - Snap shot by Taylor Hall.
1:47 of 1st period - Shot Blocked by Matthew Spiller.
1:49 of 1st period - Wrist shot by Taylor Hall.
1:49 of 1st period - Stopped by Antti Niemi with a rebound.
1:51 of 1st period - Wrist shot by Taylor Hall.
1:51 of 1st period - Stopped by Antti Niemi with a rebound.
2:17 of 1st period - Slapshot by Matt Duchene.
2:17 of 1st period - Shot Misses the Net.
2:19 of 1st period - Wrist shot by Jordan Eberle.
2:19 of 1st period - Stopped by Antti Niemi without a rebound.
2:20 of 1st period - Brayden Schenn wins face-off versus Jonathan Toews in Panthers zone.
2:35 of 1st period - Wrist shot by Patrick Kane.
2:35 of 1st period - Stopped by Antti Niemi without a rebound.
2:36 of 1st period - Brandon Bollig wins face-off versus George Parros in Panthers zone.
2:45 of 1st period - Snap shot by Anthony Stewart.
2:45 of 1st period - Stopped by Antti Niemi without a rebound.
2:46 of 1st period - Jonathan Matsumoto wins face-off versus Erik Christensen in Panthers zone.
3:01 of 1st period - Wrist shot by Anthony Stewart.
3:01 of 1st period - Stopped by Antti Niemi without a rebound.
3:02 of 1st period - Brayden Schenn wins face-off versus Jonathan Toews in Panthers zone.
3:39 of 1st period - Icing by Ryan Whitney.
3:40 of 1st period - Mikko Koivu wins face-off versus Shawn Horcoff in Devils zone.
3:51 of 1st period - Snap shot by Mikko Koivu.
3:51 of 1st period - Stopped by Antti Niemi without a rebound.
3:52 of 1st period - Jonathan Toews wins face-off versus Brayden Schenn in Panthers zone.
4:05 of 1st period - Wrist shot by Patrick Kane.
4:05 of 1st period - Stopped by Antti Niemi without a rebound.
4:06 of 1st period - Mikko Koivu wins face-off versus Shawn Horcoff in Panthers zone.
4:07 of 1st period - Snap shot by Martin St. Louis.
4:07 of 1st period - Shot Misses the Net.
4:09 of 1st period - Slapshot by Kellan Lain.
4:09 of 1st period - Stopped by Antti Niemi without a rebound.
4:10 of 1st period - Mikko Koivu wins face-off versus Shawn Horcoff in Panthers zone.
4:13 of 1st period - Snap shot by Mikko Koivu.
4:13 of 1st period - Deflect By Martin St. Louis.
4:13 of 1st period - Shot Blocked by Michal Rozsival.
4:13 of 1st period - Puck is out of play.
4:14 of 1st period - Mikko Koivu wins face-off versus Shawn Horcoff in Panthers zone.
7:43 of 1st period - Patrick Kane is hit by Michal Rozsival and loses puck.
7:48 of 1st period - Wrist shot by Cory Emmerton.
7:48 of 1st period - Shot Misses the Net.
8:10 of 1st period - Wrist shot by Daniel Paille.
8:10 of 1st period - Stopped by James Reimer without a rebound.
8:11 of 1st period - Jonathan Matsumoto wins face-off versus Matt Duchene in Devils zone.
8:33 of 1st period - Mike Komisarek is hit by George Parros.
8:43 of 1st period - Snap shot by Jonathan Matsumoto.
8:43 of 1st period - Stopped by James Reimer without a rebound.
8:44 of 1st period - Drew Stafford wins face-off versus Jonathan Toews in Devils zone.
9:30 of 1st period - Kurt Sauer is hit by Shawn Horcoff and loses puck.
9:31 of 1st period - Kurt Sauer from Devils is injured at 9:31 of 1st period (Bruised Left Leg).
9:32 of 1st period - Daniel Sedin wins face-off versus Matt Duchene in Devils zone.
10:32 of 1st period - Wrist shot by Taylor Hall.
10:32 of 1st period - Shot Blocked by Michal Rozsival.
11:00 of 1st period - Slapshot by Brayden Schenn.
11:00 of 1st period - Shot Misses the Net.
11:02 of 1st period - Slapshot by Michal Rozsival.
11:02 of 1st period - Shot Misses the Net.
11:04 of 1st period - Slapshot by Michal Rozsival.
11:04 of 1st period - Shot Misses the Net.
11:06 of 1st period - Slapshot by Michal Rozsival.
11:06 of 1st period - Deflect By Brayden Schenn.
11:06 of 1st period - Shot Misses the Net.
11:06 of 1st period - Puck is out of play.
11:07 of 1st period - Cory Emmerton wins face-off versus Chris Kreider in Devils zone.
11:17 of 1st period - Icing by Dmitry Kulikov.
11:18 of 1st period - Cory Emmerton wins face-off versus Jonathan Toews in Devils zone.
11:55 of 1st period - Jonathan Toews is hit by Daniel Sedin and loses puck.
12:04 of 1st period - Wrist shot by Patrick Kane.
12:04 of 1st period - Goal by Patrick Kane - Devils : 1 - Panthers : 0.
12:05 of 1st period - Shawn Horcoff wins face-off versus Mikko Koivu in neutral zone.
12:26 of 1st period - Minor Penalty to Alexander Perezhogin for Hooking.
12:27 of 1st period - Brayden Schenn wins face-off versus Jonathan Toews in Panthers zone.
12:36 of 1st period - Brendan Smith is hit by Dmitry Kulikov and loses puck.
13:27 of 1st period - Drew Stafford is hit by Jonathan Toews.
14:26 of 1st period - Penalty to Alexander Perezhogin is over, Alexander Perezhogin is back on ice.
15:06 of 1st period - Brandon Bollig is hit by Matthew Spiller and loses puck.
15:31 of 1st period - Matt Duchene is hit by Ian White and loses puck.
15:56 of 1st period - Chris Kreider is hit by Brayden Schenn and loses puck.
16:39 of 1st period - Mikko Koivu is hit by Patrick Marleau.
17:30 of 1st period - Erik Christensen is hit by Tomas Kopecky and loses puck.
17:43 of 1st period - Taylor Hall is hit by Daniel Paille and loses puck.
18:14 of 1st period - Drew Stafford is hit by Kellan Lain and loses puck.
18:22 of 1st period - Icing by Erik Gudbranson.
18:23 of 1st period - Cory Emmerton wins face-off versus Erik Christensen in Panthers zone.
19:02 of 1st period - Tyler Cuma is hit by Ian White and loses puck.
19:12 of 1st period - Snap shot by Jonathan Sigalet.
19:12 of 1st period - Deflect By Daniel Paille.
19:12 of 1st period - Shot Blocked by Patrick Kane.
19:12 of 1st period - Puck is out of play.
19:13 of 1st period - Cory Emmerton wins face-off versus Matt Duchene in Devils zone.
19:14 of 1st period - Backhand shot by Daniel Sedin.
19:14 of 1st period - Deflect By Jordan Eberle.
19:14 of 1st period - Stopped by James Reimer without a rebound.
19:15 of 1st period - Matt Duchene wins face-off versus Cory Emmerton in Devils zone.
19:49 of 1st period - Snap shot by Jonathan Toews.
19:49 of 1st period - Deflect By Chris Kreider.
19:49 of 1st period - Stopped by Antti Niemi with a rebound.
Goals for this period are 1 for Devils vs 0 for Panthers.
Shots for this period are 13 for Devils vs 3 for Panthers.

2nd period


0:01 of 2nd period - Cory Emmerton wins face-off versus Matt Duchene in neutral zone.
1:18 of 2nd period - Snap shot by Anthony Stewart.
1:18 of 2nd period - Stopped by Antti Niemi without a rebound.
1:19 of 2nd period - Taylor Hall wins face-off versus Cory Emmerton in Panthers zone.
1:26 of 2nd period - Slapshot by Taylor Hall.
1:26 of 2nd period - Stopped by Antti Niemi without a rebound.
1:27 of 2nd period - Jordan Eberle wins face-off versus Cory Emmerton in Panthers zone.
1:51 of 2nd period - Minor Penalty to Taylor Hall for Tripping.
1:52 of 2nd period - Mikko Koivu wins face-off versus Cory Emmerton in Devils zone.
2:02 of 2nd period - Snap shot by Daniel Sedin.
2:02 of 2nd period - Stopped by James Reimer with a rebound.
2:04 of 2nd period - Wrist shot by Drew Stafford.
2:04 of 2nd period - Goal by Drew Stafford - Devils : 1 - Panthers : 1.
2:05 of 2nd period - Cory Emmerton wins face-off versus Matt Duchene in neutral zone.
2:28 of 2nd period - Dmitry Kulikov is hit by Michal Rozsival and loses puck.
2:43 of 2nd period - Wrist shot by Daniel Sedin.
2:43 of 2nd period - Stopped by James Reimer with a rebound.
2:45 of 2nd period - Snap shot by Ian White.
2:45 of 2nd period - Shot Hit the Post.
2:47 of 2nd period - Wrist shot by Cory Emmerton.
2:47 of 2nd period - Deflect By Daniel Sedin.
2:47 of 2nd period - Shot Blocked by Dmitry Kulikov.
2:47 of 2nd period - Puck is out of play.
2:48 of 2nd period - Brayden Schenn wins face-off versus Jonathan Toews in Devils zone.
2:49 of 2nd period - Snap shot by Jeff Tambellini.
2:49 of 2nd period - Stopped by James Reimer with a rebound.
2:51 of 2nd period - Slapshot by Tomas Kopecky.
2:51 of 2nd period - Shot Misses the Net.
2:53 of 2nd period - Snap shot by Tomas Kopecky.
2:53 of 2nd period - Stopped by James Reimer with a rebound.
2:55 of 2nd period - Snap shot by Jeff Tambellini.
2:55 of 2nd period - Stopped by James Reimer with a rebound.
2:57 of 2nd period - Wrist shot by Brayden Schenn.
2:57 of 2nd period - Shot Misses the Net.
3:13 of 2nd period - Shawn Horcoff is hit by Mike Komisarek and loses puck.
3:49 of 2nd period - Minor Penalty to Erik Christensen for Holding.
3:50 of 2nd period - Cory Emmerton wins face-off versus Mikko Koivu in Devils zone.
4:24 of 2nd period - Off-side.
4:25 of 2nd period - Jonathan Toews wins face-off versus Cory Emmerton in neutral zone.
4:28 of 2nd period - Drew Stafford is hit by Jonathan Toews and loses puck.
4:55 of 2nd period - Brayden Schenn is hit by Travis Hamonic and loses puck.
5:22 of 2nd period - Slapshot by Ryan Whitney.
5:22 of 2nd period - Shot Misses the Net.
5:24 of 2nd period - Snap shot by Kellan Lain.
5:24 of 2nd period - Deflect By Matt Duchene.
5:24 of 2nd period - Stopped by Antti Niemi without a rebound.
5:25 of 2nd period - Matt Duchene wins face-off versus Brayden Schenn in Panthers zone.
5:49 of 2nd period - Penalty to Erik Christensen is over, Erik Christensen is back on ice.
5:51 of 2nd period - Patrick Kane is hit by Daniel Sedin and loses puck.
6:10 of 2nd period - Snap shot by Matt Duchene.
6:10 of 2nd period - Stopped by Antti Niemi with a rebound.
6:51 of 2nd period - Daniel Paille is hit by Tyler Cuma and loses puck.
7:13 of 2nd period - Jonathan Sigalet is hit by Patrick Kane.
7:23 of 2nd period - Drew Stafford is hit by Dmitry Kulikov and loses puck.
8:06 of 2nd period - Slapshot by Brayden Schenn.
8:06 of 2nd period - Shot Blocked by Mike Komisarek.
8:18 of 2nd period - Cory Emmerton is hit by Ryan Whitney and loses puck.
8:36 of 2nd period - Minor Penalty to Daniel Paille for Hooking.
8:37 of 2nd period - Brayden Schenn wins face-off versus Kellan Lain in Panthers zone.
9:08 of 2nd period - Kellan Lain is hit by Matthew Spiller.
9:22 of 2nd period - Wrist shot by Patrick Kane.
9:22 of 2nd period - Stopped by Antti Niemi with a rebound.
9:24 of 2nd period - Snap shot by Kellan Lain.
9:24 of 2nd period - Shot Misses the Net.
9:42 of 2nd period - Snap shot by Patrick Marleau.
9:42 of 2nd period - Stopped by James Reimer with a rebound.
9:52 of 2nd period - Shawn Horcoff is hit by Tyler Cuma and loses puck.
10:36 of 2nd period - Penalty to Daniel Paille is over, Daniel Paille is back on ice.
11:24 of 2nd period - Slapshot by Patrick Kane.
11:24 of 2nd period - Shot Blocked by Brendan Smith.
11:26 of 2nd period - Wrist shot by Patrick Kane.
11:26 of 2nd period - Stopped by Antti Niemi with a rebound.
11:30 of 2nd period - Slapshot by Patrick Kane.
11:30 of 2nd period - Shot Misses the Net.
11:32 of 2nd period - Slapshot by Jonathan Toews.
11:32 of 2nd period - Stopped by Antti Niemi without a rebound.
11:33 of 2nd period - Shawn Horcoff wins face-off versus Matt Duchene in Panthers zone.
12:00 of 2nd period - Slapshot by Erik Christensen.
12:00 of 2nd period - Stopped by Antti Niemi with a rebound.
12:08 of 2nd period - Minor Penalty to Matthew Spiller for Hooking.
12:09 of 2nd period - Matt Duchene wins face-off versus Patrick Marleau in Panthers zone.
12:25 of 2nd period - Slapshot by Ryan Whitney.
12:25 of 2nd period - Shot Misses the Net.
14:08 of 2nd period - Penalty to Matthew Spiller is over, Matthew Spiller is back on ice.
14:48 of 2nd period - Brandon Bollig is hit by Jonathan Matsumoto.
15:09 of 2nd period - Matt Duchene is hit by Patrick Marleau and loses puck.
15:26 of 2nd period - Michal Rozsival is hit by Matt Duchene and loses puck.
16:14 of 2nd period - Snap shot by George Parros.
16:14 of 2nd period - Shot Blocked by Anthony Stewart.
16:32 of 2nd period - Snap shot by Brayden Schenn.
16:32 of 2nd period - Shot Misses the Net.
16:34 of 2nd period - Wrist shot by Michal Rozsival.
16:34 of 2nd period - Shot Blocked by Anthony Stewart.
16:36 of 2nd period - Wrist shot by Brayden Schenn.
16:36 of 2nd period - Shot Blocked by Anthony Stewart.
16:56 of 2nd period - Mike Komisarek is hit by Drew Stafford and loses puck.
17:01 of 2nd period - Wrist shot by Cory Emmerton.
17:01 of 2nd period - Shot Misses the Net.
17:03 of 2nd period - Snap shot by Ian White.
17:03 of 2nd period - Shot Misses the Net.
17:15 of 2nd period - Snap shot by Patrick Marleau.
17:15 of 2nd period - Shot Misses the Net.
17:17 of 2nd period - Snap shot by Patrick Marleau.
17:17 of 2nd period - Shot Blocked by Mike Komisarek.
17:19 of 2nd period - Slapshot by Brendan Smith.
17:19 of 2nd period - Deflect By Patrick Marleau.
17:19 of 2nd period - Stopped by James Reimer with a rebound.
17:21 of 2nd period - Snap shot by Alexander Perezhogin.
17:21 of 2nd period - Stopped by James Reimer without a rebound.
17:22 of 2nd period - Brayden Schenn wins face-off versus Mikko Koivu in Devils zone.
17:23 of 2nd period - Snap shot by Tomas Kopecky.
17:23 of 2nd period - Shot Misses the Net.
18:09 of 2nd period - Jonathan Toews is hit by Matthew Spiller and loses puck.
18:33 of 2nd period - Jonathan Toews is hit by Erik Gudbranson and loses puck.
18:54 of 2nd period - Brandon Bollig is hit by Patrick Marleau and loses puck.
Goals for this period are 0 for Devils vs 1 for Panthers.
Shots for this period are 8 for Devils vs 9 for Panthers.

3rd period


0:01 of 3rd period - Cory Emmerton wins face-off versus Jonathan Toews in neutral zone.
0:04 of 3rd period - Snap shot by Michal Rozsival.
0:04 of 3rd period - Stopped by James Reimer without a rebound.
0:05 of 3rd period - Jonathan Toews wins face-off versus Cory Emmerton in Devils zone.
0:37 of 3rd period - Wrist shot by Jordan Eberle.
0:37 of 3rd period - Shot Misses the Net.
0:39 of 3rd period - Slapshot by Dmitry Kulikov.
0:39 of 3rd period - Shot Misses the Net.
0:44 of 3rd period - Minor Penalty to Tomas Kopecky for Interference.
0:45 of 3rd period - Brayden Schenn wins face-off versus Jonathan Toews in Panthers zone.
0:49 of 3rd period - Wrist shot by Michal Rozsival.
0:49 of 3rd period - Stopped by James Reimer with a rebound.
1:01 of 3rd period - Snap shot by Patrick Kane.
1:01 of 3rd period - Stopped by Antti Niemi with a rebound.
1:48 of 3rd period - Icing by Tyler Cuma.
1:49 of 3rd period - Matt Duchene wins face-off versus Shawn Horcoff in Devils zone.
2:16 of 3rd period - Icing by Jordan Eberle.
2:17 of 3rd period - Matt Duchene wins face-off versus Brayden Schenn in Devils zone.
2:42 of 3rd period - Kellan Lain is hit by Michal Rozsival and loses puck.
2:44 of 3rd period - Penalty to Tomas Kopecky is over, Tomas Kopecky is back on ice.
2:51 of 3rd period - Slapshot by Patrick Kane.
2:51 of 3rd period - Shot Misses the Net.
3:03 of 3rd period - Wrist shot by Patrick Marleau.
3:03 of 3rd period - Shot Misses the Net.
3:05 of 3rd period - Wrist shot by Michal Rozsival.
3:05 of 3rd period - Stopped by James Reimer with a rebound.
3:07 of 3rd period - Snap shot by Patrick Marleau.
3:07 of 3rd period - Stopped by James Reimer with a rebound.
3:09 of 3rd period - Snap shot by Michal Rozsival.
3:09 of 3rd period - Stopped by James Reimer with a rebound.
3:11 of 3rd period - Wrist shot by Alexander Perezhogin.
3:11 of 3rd period - Stopped by James Reimer with a rebound.
3:36 of 3rd period - Minor Penalty to Matthew Spiller for Goalie Interference.
3:37 of 3rd period - Brayden Schenn wins face-off versus Jonathan Toews in Panthers zone.
3:37 of 3rd period - Brayden Schenn is hit by Patrick Kane.
3:51 of 3rd period - Wrist shot by Patrick Kane.
3:51 of 3rd period - Deflect By Kellan Lain.
3:51 of 3rd period - Shot Misses the Net.
3:51 of 3rd period - Puck is out of play.
3:52 of 3rd period - Jonathan Toews wins face-off versus Brayden Schenn in Panthers zone.
5:36 of 3rd period - Penalty to Matthew Spiller is over, Matthew Spiller is back on ice.
6:20 of 3rd period - Patrick Marleau is hit by Brandon Bollig and loses puck.
6:39 of 3rd period - Slapshot by Michal Rozsival.
6:39 of 3rd period - Shot Blocked by Mike Komisarek.
6:41 of 3rd period - Snap shot by Cory Emmerton.
6:41 of 3rd period - Shot Misses the Net.
6:58 of 3rd period - Slapshot by Anthony Stewart.
6:58 of 3rd period - Shot Blocked by Patrick Marleau.
7:42 of 3rd period - Travis Hamonic is hit by Brendan Smith and loses puck.
8:04 of 3rd period - Anthony Stewart is hit by Alexander Perezhogin and loses puck.
9:30 of 3rd period - Patrick Kane is hit by Ian White and loses puck.
9:45 of 3rd period - Brendan Smith is hit by Jordan Eberle and loses puck.
9:56 of 3rd period - Mike Komisarek is hit by George Parros and loses puck.
10:28 of 3rd period - Kellan Lain is hit by Patrick Marleau and loses puck.
10:52 of 3rd period - Slapshot by George Parros.
10:52 of 3rd period - Shot Misses the Net.
10:58 of 3rd period - Snap shot by George Parros.
10:58 of 3rd period - Shot Misses the Net.
11:04 of 3rd period - Daniel Paille is hit by Chris Kreider and loses puck.
11:15 of 3rd period - Jonathan Sigalet is hit by Mike Komisarek and loses puck.
11:24 of 3rd period - Ryan Whitney is hit by Drew Stafford and loses puck.
11:41 of 3rd period - Ryan Whitney is hit by Jeff Tambellini.
11:59 of 3rd period - Patrick Kane is hit by Jonathan Matsumoto and loses puck.
12:52 of 3rd period - Slapshot by Jonathan Matsumoto.
12:52 of 3rd period - Stopped by James Reimer without a rebound.
12:53 of 3rd period - Mikko Koivu wins face-off versus Jonathan Matsumoto in Devils zone.
12:57 of 3rd period - Icing by Mikko Koivu.
12:58 of 3rd period - Mikko Koivu wins face-off versus Cory Emmerton in Devils zone.
13:12 of 3rd period - Tyler Cuma is hit by Matthew Spiller and loses puck.
13:19 of 3rd period - Snap shot by Kellan Lain.
13:19 of 3rd period - Shot Blocked by Cory Emmerton.
13:21 of 3rd period - Slapshot by Martin St. Louis.
13:21 of 3rd period - Stopped by Antti Niemi without a rebound.
13:22 of 3rd period - Matt Duchene wins face-off versus Jeff Tambellini in Panthers zone.
13:23 of 3rd period - Snap shot by Taylor Hall.
13:23 of 3rd period - Stopped by Antti Niemi with a rebound.
13:29 of 3rd period - Slapshot by Matt Duchene.
13:29 of 3rd period - Stopped by Antti Niemi without a rebound.
13:30 of 3rd period - Matt Duchene wins face-off versus Brayden Schenn in Panthers zone.
13:41 of 3rd period - Minor Penalty to Brayden Schenn for Hooking.
13:42 of 3rd period - Jonathan Toews wins face-off versus Shawn Horcoff in Panthers zone.
13:56 of 3rd period - Slapshot by Jonathan Toews.
13:56 of 3rd period - Deflect By Patrick Kane.
13:56 of 3rd period - Shot Misses the Net.
13:56 of 3rd period - Puck is out of play.
13:57 of 3rd period - Jonathan Toews wins face-off versus Shawn Horcoff in Panthers zone.
14:14 of 3rd period - Drew Stafford is hit by Patrick Kane and loses puck.
14:29 of 3rd period - Snap shot by Jordan Eberle.
14:29 of 3rd period - Shot Misses the Net.
14:31 of 3rd period - Wrist shot by Jordan Eberle.
14:31 of 3rd period - Goal by Jordan Eberle - Devils : 2 - Panthers : 1.
14:32 of 3rd period - Matt Duchene wins face-off versus Brayden Schenn in neutral zone.
14:35 of 3rd period - Snap shot by Taylor Hall.
14:35 of 3rd period - Shot Misses the Net.
14:42 of 3rd period - Minor Penalty to Jeff Tambellini for Interference.
14:43 of 3rd period - Jonathan Toews wins face-off versus Brayden Schenn in Panthers zone.
14:49 of 3rd period - Snap shot by Patrick Kane.
14:49 of 3rd period - Goal by Patrick Kane - Devils : 3 - Panthers : 1.
14:50 of 3rd period - Jonathan Toews wins face-off versus Cory Emmerton in neutral zone.
14:55 of 3rd period - Travis Hamonic is hit by Michal Rozsival.
15:03 of 3rd period - Wrist shot by Daniel Sedin.
15:03 of 3rd period - Shot Blocked by Dmitry Kulikov.
15:05 of 3rd period - Snap shot by Daniel Sedin.
15:05 of 3rd period - Shot Blocked by Jonathan Toews.
16:22 of 3rd period - Snap shot by George Parros.
16:22 of 3rd period - Stopped by James Reimer without a rebound.
16:23 of 3rd period - Brandon Bollig wins face-off versus Jonathan Matsumoto in Devils zone.
16:30 of 3rd period - Snap shot by Daniel Paille.
16:30 of 3rd period - Stopped by James Reimer without a rebound.
16:31 of 3rd period - Shawn Horcoff wins face-off versus Mikko Koivu in Devils zone.
16:46 of 3rd period - Slapshot by Martin St. Louis.
16:46 of 3rd period - Stopped by Antti Niemi with a rebound.
16:52 of 3rd period - Minor Penalty to Alexander Perezhogin for Goalie Interference.
16:53 of 3rd period - Jonathan Toews wins face-off versus Brayden Schenn in Panthers zone.
16:54 of 3rd period - Slapshot by Patrick Kane.
16:54 of 3rd period - Stopped by Antti Niemi with a rebound.
17:20 of 3rd period - Chris Kreider is hit by Patrick Marleau and loses puck.
17:26 of 3rd period - Off-side.
17:27 of 3rd period - Jonathan Toews wins face-off versus Brayden Schenn in neutral zone.
18:40 of 3rd period - Jordan Eberle is hit by Patrick Marleau and loses puck.
18:52 of 3rd period - Penalty to Alexander Perezhogin is over, Alexander Perezhogin is back on ice.
Goals for this period are 2 for Devils vs 0 for Panthers.
Shots for this period are 8 for Devils vs 9 for Panthers.